 Dungeon Crawl Stone Soup version 0.30-a0-859-gf88a04b62d (webtiles) character file.

Game seed: 15538448426742018199

108 Juicyj the Conjurer (level 4, 0/24 HPs)
             Began as a Deep Elf Conjurer on Mar 6, 2023.
             Killed by an exploding fulminant prism (18 damage)
             ... on level 3 of the Dungeon.
             The game lasted 00:04:53 (2795 turns).

Juicyj the Conjurer (Deep Elf Conjurer)             Turns: 2795, Time: 00:04:54

Health: 0/24       AC:  2    Str:  4    XL:     4   Next: 58%
Magic:  2/12       EV: 13    Int: 31    God:
Gold:   139        SH:  0    Dex: 13    Spells: 1/11 levels left

rFire   x . .      SeeInvis .    u - +5 dagger of Excruciating Pain {drain, rElec rPois rF-}
rCold   . . .      Faith    .    (no shield)
rNeg    . . .      Spirit   .    a - +0 robe
rPois   +          Reflect  .    (no helmet)
rElec   +          Rampage  .    (no cloak)
rCorr   .                        (no gloves)
Will    .....                    (no boots)
Stlth   ++                       (no amulet)
HPRegen 0.24/turn                m - ring of flight
MPRegen 0.13/turn                p - +6 ring of intelligence

@: flying, very slightly contaminated
A: no striking features
a: no special abilities


You were on level 3 of the Dungeon.
You visited 1 branch of the dungeon, and saw 4 of its levels.

You collected 139 gold pieces.

Inventory:

Hand Weapons
 l - a +3 dagger
 o - a +2 dagger of flaming
 u - the +5 dagger of Excruciating Pain (weapon) {drain, rElec rPois rF-}
   (You found it on level 3 of the Dungeon)

   rF:        It makes you vulnerable to fire.
   rElec:     It insulates you from electricity.
   rPois:     It protects you from poison.
Armour
 a - a +0 robe (worn)
Jewellery
 m - a ring of flight (left hand)
 p - a +6 ring of intelligence (right hand)
Scrolls
 c - a scroll of enchant armour {unknown}
 d - 5 scrolls of identify {unknown}
 e - 2 scrolls of teleportation {unknown}
 f - a scroll of magic mapping {unknown}
 g - a scroll of torment {unknown}
 h - a scroll of fear {unknown}
 i - a scroll of blinking {unknown}
 j - a scroll of enchant weapon {unknown}
 r - a scroll of acquirement {unknown}
 s - a scroll of silence {unknown}
 t - a scroll of amnesia {unknown}
Potions
 b - a potion of magic
 k - 2 potions of mutation {unknown}
 n - 2 potions of might {unknown}
 q - 2 potions of curing {unknown}


   Skills:
 + Level 3.5 Dodging
 + Level 3.7 Stealth
 + Level 4.1 Spellcasting
 + Level 5.1 Conjurations


You had one spell level left.
You knew the following spells:

 Your Spells              Type           Power      Damage    Failure   Level
a - Magic Dart            Conj           100%       1d8       1%          1
b - Searing Ray           Conj           76%        2d7       1%          2
c - Dazzling Flash        Conj/Hex       44%        N/A       6%          3
d - Fulminant Prism       Conj/Hex       11%        3d9       21%         4

Your spell library contained the following spells:

 Spells                   Type           Power      Damage    Failure   Level
 Ensorcelled Hibernation  Hex/Ice        12%        N/A       9%          2
 Passwall                 Tmut/Erth      5%         N/A       9%          2
 Scorch                   Fire           12%        2d6       9%          2
 Swiftness                Air            6%         N/A       19%         3
 Flame Wave               Conj/Fire      22%        2d8       21%         4
 Iskenderun's Mystic Bla  Conj/Tloc      22%        2d6       21%         4
 Summon Lightning Spire   Summ/Air       6%         N/A       52%         4
 Summon Cactus Giant      Summ           3%         N/A       100%        6
 Storm Form               Tmut/Air       3%         N/A       100%        7
 Maxwell's Capacitive Co  Air            3%         ∞         100%        8


Dungeon Overview and Level Annotations

Branches:
Dungeon (4/15)
 Temple: D:4-7

Altars:
Cheibriados
Elyvilon
Kikubaaqudgha
Zin

Annotations:
D:3 Sigmund


Message History

You start waiting.
Done waiting.
You fly upwards.
Level annotation: Sigmund
There is a stone staircase leading down here.
You see here the +5 dagger of Excruciating Pain {drain, rElec rPois rF-}.
u - the +5 dagger of Excruciating Pain {drain, rElec rPois rF-} You sense an unholy aura.
u - the +5 dagger of Excruciating Pain (weapon)
{drain, rElec rPois rF-} You see here a quokka corpse.
Sigmund shouts!
The magic dart hits Sigmund.
Sigmund is moderately wounded.
The magic dart hits Sigmund.
Sigmund is moderately wounded.
Casting: Magic Dart (safe; 1% risk of failure)
Confirm with . or Enter, or press ? or * to list all spells.
The spell is astonishingly dangerous to miscast (21% risk of failure)!
Continue anyway?
Aiming: Fulminant Prism (astonishingly dangerous; 21% risk of failure)
Press: ? - help, Dir - move target, p - Sigmund You miscast Fulminant Prism.
You are very lightly contaminated with residual magic.
Nothing appears to happen.
Sigmund casts a spell at you. The magic dart hits you!
Casting: Fulminant Prism (astonishingly dangerous; 21% risk of failure)
Confirm with . or Enter, or press ? or * to list all spells.
The spell is astonishingly dangerous to miscast (21% risk of failure)!
Continue anyway?
Aiming: Fulminant Prism (astonishingly dangerous; 21% risk of failure)
Press: ? - help, Dir - move target You conjure a prism of explosive energy!
A fulminant prism comes into view.
Sigmund screams, "Don't try to resist!"
Your fulminant prism crackles loudly.
Your fulminant prism explodes!
The blast of energy engulfs Sigmund!
Sigmund is almost dead.
The blast of energy engulfs you!!
Ouch! That really hurt!
You die...

## ### #... ..# #... #.#
#..#### #.#
#############..#....# #.#
#.†............#.##.## #.#
#.#####.######.#.#...## #.###.#
#.####..@...._... ).>...#
#.....@##(##... # ......#
#.####.##.# #.##.#
#.###.#####.......#r###....# #
...##.......#...>##...r.####..#
...##########.#########......)#
...# ##.## #..####.# ####
##...## ##......# # ####..†..##
##r###### # #.........# #..#


You could see Sigmund.

Vanquished Creatures
  An orc wizard (D:3)
  An adder (D:4)
  A worm (D:3)
  4 dart slugs
  2 orcs (D:3)
  5 ball pythons
  An endoplasm (D:1)
  3 giant cockroaches
  7 goblins
  8 hobgoblins
  2 jackals (D:2)
  7 kobolds
  3 quokkas
  4 bats
  3 frilled lizards
  9 rats
61 creatures vanquished.

Vanquished Creatures (others)
  A fulminant prism (D:3)
1 creature vanquished.

Grand Total: 62 creatures vanquished

Notes
Turn   | Place    | Note
-------+----------+-------------------------------------------
     0 | D:1      | Juicyj the Deep Elf Conjurer began the quest for the Orb.
     0 | D:1      | Reached XP level 1. HP: 10/10 MP: 6/6
   179 | D:1      | Reached XP level 2. HP: 15/15 MP: 5/8
  1020 | D:1      | Reached XP level 3. HP: 19/19 MP: 8/10
  1388 | D:2      | Found a snail-covered altar of Cheibriados.
  1549 | D:2      | You are sucked into a shaft and drop 1 floor!
  1642 | D:3      | Reached XP level 4. HP: 14/24 MP: 2/11
  1817 | D:3      | Found an ancient bone altar of Kikubaaqudgha.
  1832 | D:3      | Reached skill level 5 in Conjurations
  1922 | D:3      | Identified the +5 dagger of Excruciating Pain {drain, rElec
                  | rPois rF-}
  2021 | D:3      | Found a glowing silver altar of Zin.
  2278 | D:3      | Learned a level 2 spell: Searing Ray
  2283 | D:3      | Learned a level 3 spell: Dazzling Flash
  2288 | D:3      | Learned a level 4 spell: Fulminant Prism
  2549 | D:3      | Found a white marble altar of Elyvilon.
  2575 | D:3      | Noticed Sigmund
  2795 | D:3      | Killed by an exploding fulminant prism

Illustrated notes

Levels and vault maps discovered:
D:1:      lightli_arrival_farm, layout_loops_corners
D:2:      layout_rooms, basic_altar, lightli_corner_chamber
D:3:      layout_loops_ring, nicolae_overflow_crystal_walls,
          mainiacjoe_overflow_alcove_4, mainiacjoe_overflow_24_doors,
          uniq_sigmund
D:4:      layout_loops_ring, mainiacjoe_overflow_tiny_flanked, temple_pool_b,
          uniq_duvessa

Skill      XL: |  1  2  3  4 |
---------------+-------------+-----
Stealth        | 3 |  3.7
Dodging        | 3 |  3.5
Conjurations   | 5 |  5.1
Spellcasting   | 4 |  4.1

Action                     |  1- 3 |  4- 6 || total
---------------------------+-------+-------++-------
   Cast: Magic Dart        |    71 |    43 ||   114
         Fulminant Prism   |       |     1 ||     1
  Dodge: Dodged            |     1 |     2 ||     3

Table legend: (Time is in decaauts)
 A = Elapsed time spent in this place.
 B = Non-inter-level travel time spent in this place.
 C = Inter-level travel time spent in this place.
 D = Time resting spent in this place.
 E = Time spent auto-exploring this place.
 F = Levels seen in this place.
 G = Mean time per level.
                   A        B        C        D        E       F      G
               +--------+--------+--------+--------+--------+-----+--------+
         Total |   2813 |   2811 |      2 |    232 |   2268 |   4 |  703.2 |
       Dungeon |   2813 |   2811 |      2 |    232 |   2268 |   4 |  703.2 |
               +--------+--------+--------+--------+--------+-----+--------+

Top non-repeatable levels by time:
     D:1: 1223 daAuts
     D:3: 1088 daAuts
     D:2: 345 daAuts
     D:4: 156 daAuts
